EL
PITTSFIELD COLONIALS @ READING PHILLIES
06/10/1982
 
TOP OF THE 1ST
Pittsfield Colonials batting - Pitching for Reading Phillies : RHP Eric Wilkins
Pitching: RHP Eric Wilkins
Batting: SHB Steve Scafa 0-0: Called Strike
0-1: Ball
1-1: Ball
2-1: Ball
3-1: Base on Balls
Batting: SHB Mitch Webster 0-0: Ball
1-0: Ball
2-0: Called Strike
2-1: Ball
3-1: Fly out, F7 (Flyball, 7, EV 76.3 MPH)
Batting: LHB Terry Francona 0-0: Called Strike
0-1: TRIPLE (Line Drive, 78XD, EV 105.6 MPH)
Steve Scafa scores
Batting: RHB Mike Brewer 0-0: Called Strike
0-1: Fly out, F9 (Flyball, 89XD, EV 110.6 MPH)
Runner from 3rd tags up, SCORES, no throw by RF
Batting: LHB Armando Ortiz 0-0: Called Strike
0-1: Ball
1-1: Fly out, F8 (Flyball, 8LXD, EV 105.0 MPH)
Top of the 1st over - 2 runs, 1 hit, 0 errors, 0 left on base; Pittsfield 2 - Reading 0
BOTTOM OF THE 1ST
Reading Phillies batting - Pitching for Pittsfield Colonials : LHP James Rooney
Pitching: LHP James Rooney
Batting: LHB George Johnson 0-0: Called Strike
0-1: Swinging Strike
0-2: Ball
1-2: Ball
2-2: Foul Ball, location: 2F
2-2: Foul Ball, location: 2F
2-2: Ball
3-2: Fly out, F7 (Flyball, 7D, EV 93.1 MPH)
Batting: LHB Paul Hertzler 0-0: Fly out, F6 (Line Drive, 6, EV 67.5 MPH)
Batting: LHB Martino Martin 0-0: Ball
1-0: Foul Ball, location: 2F
1-1: Foul Ball, location: 2F
1-2: Ball
2-2: Fly out, F7 (Flyball, 7LS, EV 92.5 MPH)
Bottom of the 1st over - 0 runs, 0 hits, 0 errors, 0 left on base; Pittsfield 2 - Reading 0
TOP OF THE 2ND
Pittsfield Colonials batting - Pitching for Reading Phillies : RHP Eric Wilkins
Batting: SHB David Enos 0-0: Ball
1-0: Foul Ball, location: 2F
1-1: Ball
2-1: Called Strike
2-2: Foul Ball, location: 2F
2-2: Foul Ball, location: 2F
2-2: Foul Ball, location: 2F
2-2: Fly out, F7 (Flyball, 78D, EV 100.6 MPH)
Batting: RHB Steven Ramler 0-0: Ball
1-0: Foul Ball, location: 2F
1-1: Called Strike
1-2: Ball
2-2: Fly out, F3 (Popup, 3S, EV 68.1 MPH)
Batting: SHB Allan Wilkerson 0-0: Ball
1-0: Ball
2-0: Foul Ball, location: 2F
2-1: Foul Ball, location: 2F
2-2: Strikes out swinging
Top of the 2nd over - 0 runs, 0 hits, 0 errors, 0 left on base; Pittsfield 2 - Reading 0
BOTTOM OF THE 2ND
Reading Phillies batting - Pitching for Pittsfield Colonials : LHP James Rooney
Batting: RHB Ricardo Rivera 0-0: Foul Ball, location: 2F
0-1: Ball
1-1: Ball
2-1: Ground out 1-3 (Groundball, 25, EV 63.8 MPH)
Batting: LHB Pedro Rabassa 0-0: Called Strike
0-1: Called Strike
0-2: Strikes out swinging
Batting: SHB Doug Baker 0-0: Called Strike
0-1: Foul Ball, location: 2F
0-2: Ball
1-2: Ball
2-2: Fly out, F7 (Flyball, 78D, EV 91.3 MPH)
Bottom of the 2nd over - 0 runs, 0 hits, 0 errors, 0 left on base; Pittsfield 2 - Reading 0
TOP OF THE 3RD
Pittsfield Colonials batting - Pitching for Reading Phillies : RHP Eric Wilkins
Batting: RHB Juan Castro 0-0: Ball
1-0: Called Strike
1-1: Foul Ball, location: 2F
1-2: Ball
2-2: SINGLE (Line Drive, 6, EV 71.3 MPH) (infield hit)
Batting: SHB Steve Scafa 0-0: Ball
1-0: Ball
2-0: Ball
3-0: Foul Ball, location: 2F
3-1: Base on Balls
Juan Castro to second
Batting: SHB Mitch Webster 0-0: SINGLE (Flyball, 89S, EV 89.4 MPH)
Juan Castro to third
Steve Scafa to second
Runner from 3rd tries for Home, throw by RF and OUT! 9-2
Batting: LHB Terry Francona 0-0: Grounds into double play, 5-4-3 (Groundball, 5, EV 87.5 MPH)
Top of the 3rd over - 0 runs, 2 hits, 0 errors, 1 left on base; Pittsfield 2 - Reading 0
BOTTOM OF THE 3RD
Reading Phillies batting - Pitching for Pittsfield Colonials : LHP James Rooney
Batting: RHB Greg Dahl 0-0: Called Strike
0-1: Ball
1-1: Called Strike
1-2: Ball
2-2: DOUBLE (Line Drive, 7LS, EV 102.5 MPH)
Batting: RHB Mark Sproesser 0-0: Ball
1-0: Called Strike
1-1: Ground out 5-3 (Groundball, 5, EV 103.8 MPH)
Batting: LHB Alex Mata 0-0: Called Strike
0-1: Fly out, F7 (Flyball, 7LM, EV 93.8 MPH)
Batting: LHB George Johnson 0-0: Ball
1-0: Called Strike
1-1: Foul Ball, location: 2F
1-2: Ball
2-2: Foul Ball, location: 2F
2-2: Foul Ball, location: 2F
2-2: Foul Ball, location: 2F
2-2: Ground out 4-3 (Groundball, 4, EV 82.5 MPH)
Bottom of the 3rd over - 0 runs, 1 hit, 0 errors, 1 left on base; Pittsfield 2 - Reading 0
TOP OF THE 4TH
Pittsfield Colonials batting - Pitching for Reading Phillies : RHP Eric Wilkins
Batting: RHB Mike Brewer 0-0: Ball
1-0: Foul Ball, location: 2F
1-1: Foul Ball, location: 2F
1-2: Strikes out looking
Batting: LHB Armando Ortiz 0-0: Swinging Strike
0-1: SOLO HOME RUN (Flyball, 9D, EV 95.0 MPH), Distance : 351 ft
Batting: SHB David Enos 0-0: Ball
1-0: Foul Ball, location: 2F
1-1: Ball
2-1: Called Strike
2-2: Ball
3-2: Foul Ball, location: 2F
3-2: SINGLE (Line Drive, 89S, EV 105.6 MPH)
Batting: RHB Steven Ramler 0-0: Swinging Strike
0-1: Ball
1-1: SINGLE (Line Drive, 7S, EV 95.6 MPH)
David Enos to second
Batting: SHB Allan Wilkerson 0-0: Called Strike
0-1: SINGLE (Groundball, 6D, EV 96.9 MPH)
David Enos to third
Steven Ramler to second
Runner from 3rd tries for Home, SAFE, throw by CF to home
Batting: RHB Juan Castro 0-0: Called Strike
0-1: DOUBLE (Line Drive, 9LS, EV 113.1 MPH)
Steven Ramler scores
Allan Wilkerson to third
Runner from 3rd tries for Home, SAFE, no throw by RF
Batting: SHB Steve Scafa 0-0: Swinging Strike
0-1: Ball
1-1: Ball
2-1: Ball
3-1: Base on Balls
Batting: SHB Mitch Webster 0-0: Called Strike
0-1: Fielders Choice at 2nd, 5-4 (Groundball, 5, EV 88.8 MPH)
Juan Castro to third
Batting: LHB Terry Francona 0-0: Ball
1-0: SINGLE (Groundball, 56S, EV 68.1 MPH) (infield hit)
Juan Castro scores
Mitch Webster to second
Pitching: LHP Frank Treto
Batting: RHB Mike Brewer 0-0: Called Strike
0-1: Fielders Choice at 2nd, 5-4 (Groundball, 56, EV 83.1 MPH)
Top of the 4th over - 5 runs, 6 hits, 0 errors, 2 left on base; Pittsfield 7 - Reading 0
BOTTOM OF THE 4TH
Reading Phillies batting - Pitching for Pittsfield Colonials : LHP James Rooney
Batting: LHB Paul Hertzler 0-0: Foul Ball, location: 2F
0-1: Ball
1-1: Swinging Strike
1-2: Foul Ball, location: 2F
1-2: Ball
2-2: Strikes out swinging
Batting: LHB Martino Martin 0-0: Ball
1-0: Ground out 4-3 (Groundball, 4, EV 99.4 MPH)
Batting: RHB Ricardo Rivera 0-0: Ball
1-0: Ball
2-0: Called Strike
2-1: Foul Ball, location: 2F
2-2: Fly out, F4 (Popup, 4, EV 57.5 MPH)
Bottom of the 4th over - 0 runs, 0 hits, 0 errors, 0 left on base; Pittsfield 7 - Reading 0
TOP OF THE 5TH
Pittsfield Colonials batting - Pitching for Reading Phillies : LHP Frank Treto
Batting: LHB Armando Ortiz 0-0: Ball
1-0: Ball
2-0: Called Strike
2-1: Foul Ball, location: 2F
2-2: Foul Ball, location: 2F
2-2: SINGLE (Flyball, 8RS, EV 98.1 MPH)
Batting: SHB David Enos 0-0: Called Strike
0-1: Ball
1-1: Called Strike
1-2: Ball
2-2: Grounds into double play, 6-4-3 (Groundball, 6, EV 91.3 MPH)
Batting: RHB Steven Ramler 0-0: Ball
1-0: Ball
2-0: Foul Ball, location: 2F
2-1: Called Strike
2-2: Ball
3-2: Foul Ball, location: 2F
3-2: DOUBLE (Flyball, 78XD, EV 91.3 MPH)
Batting: SHB Allan Wilkerson 0-0: Foul Ball, location: 2F
0-1: Foul Ball, location: 2F
0-2: Foul Ball, location: 2F
0-2: Ball
1-2: Ball
2-2: SINGLE (Line Drive, 78M, EV 104.4 MPH)
Steven Ramler to third
Runner from 3rd tries for Home, SAFE, throw by CF to home
Batting: RHB Juan Castro 0-0: Called Strike
0-1: Called Strike
0-2: SINGLE (Flyball, 3D, EV 87.5 MPH)
Allan Wilkerson to second
Batting: SHB Steve Scafa 0-0: Called Strike
0-1: Ball
1-1: Ball
2-1: Foul Ball, location: 2F
2-2: Ball
3-2: Ground out 6-3 (Groundball, 6M, EV 91.9 MPH)
Top of the 5th over - 1 run, 4 hits, 0 errors, 2 left on base; Pittsfield 8 - Reading 0
BOTTOM OF THE 5TH
Reading Phillies batting - Pitching for Pittsfield Colonials : LHP James Rooney
Batting: LHB Pedro Rabassa 0-0: Called Strike
0-1: Ball
1-1: Fly out, F7 (Line Drive, 7, EV 86.9 MPH)
Batting: SHB Doug Baker 0-0: Called Strike
0-1: Ball
1-1: Foul Ball, location: 2F
1-2: Ball
2-2: Ball
3-2: Foul Ball, location: 2F
3-2: Foul Ball, location: 2F
3-2: Base on Balls
Batting: RHB Greg Dahl 0-0: Called Strike
0-1: Swinging Strike
0-2: Ball
1-2: Foul Ball, location: 2F
1-2: Strikes out swinging
Batting: RHB Mark Sproesser 0-0: Ball
1-0: Ball
2-0: Called Strike
2-1: Foul Ball, location: 2F
2-2: Foul Ball, location: 2F
2-2: Ball
3-2: DOUBLE (Line Drive, 9LD, EV 103.8 MPH)
Doug Baker to third
Doug Baker scores
Batting: LHB Alex Mata 0-0: Ball
1-0: Swinging Strike
1-1: Ground out U3 (Groundball, 3S, EV 78.8 MPH)
Bottom of the 5th over - 1 run, 1 hit, 0 errors, 1 left on base; Pittsfield 8 - Reading 1
TOP OF THE 6TH
Pittsfield Colonials batting - Pitching for Reading Phillies : LHP Frank Treto
Batting: SHB Mitch Webster 0-0: Called Strike
0-1: Swinging Strike
0-2: Foul Ball, location: 2F
0-2: Foul Ball, location: 2F
0-2: Ball
1-2: Strikes out swinging
Batting: LHB Terry Francona 0-0: Ball
1-0: Ground out 4-3 (Groundball, 34, EV 90.0 MPH)
Batting: RHB Mike Brewer 0-0: Ball
1-0: Ball
2-0: Ball
3-0: Base on Balls
Batting: LHB Armando Ortiz 0-0: Ball
1-0: Foul Ball, location: 2F
1-1: Ball
2-1: Ball
3-1: Called Strike
3-2: Foul Ball, location: 2F
3-2: Foul Ball, location: 2F
3-2: Fly out, F3 (Popup, 3SF, EV 73.8 MPH)
Top of the 6th over - 0 runs, 0 hits, 0 errors, 1 left on base; Pittsfield 8 - Reading 1
BOTTOM OF THE 6TH
Reading Phillies batting - Pitching for Pittsfield Colonials : LHP James Rooney
Batting: LHB George Johnson 0-0: Ball
1-0: Foul Ball, location: 2F
1-1: Swinging Strike
1-2: SINGLE (Groundball, 6MD, EV 95.0 MPH)
Batting: LHB Paul Hertzler 0-0: Foul Ball, location: 2F
0-1: Ball
1-1: Grounds out, U3 (Groundball, 3L, EV 93.1 MPH)
Batting: LHB Martino Martin 0-0: Ball
1-0: Ball
2-0: Fly out, F5 (Popup, 5S, EV 79.4 MPH)
Batting: RHB Ricardo Rivera 0-0: Fly out, F9 (Flyball, 89S, EV 81.9 MPH)
Bottom of the 6th over - 0 runs, 1 hit, 0 errors, 1 left on base; Pittsfield 8 - Reading 1
TOP OF THE 7TH
Pittsfield Colonials batting - Pitching for Reading Phillies : LHP Frank Treto
Batting: SHB David Enos 0-0: Ground out 5-3 (Groundball, 5L, EV 92.5 MPH)
Batting: RHB Steven Ramler 0-0: Called Strike
0-1: Swinging Strike
0-2: Strikes out looking
Batting: SHB Allan Wilkerson 0-0: Ball
1-0: Called Strike
1-1: Swinging Strike
1-2: SINGLE (Flyball, 34D, EV 90.0 MPH)
Batting: RHB Juan Castro 0-0: Called Strike
0-1: Ball
1-1: Ground out 6-3 (Groundball, 56, EV 99.4 MPH)
Top of the 7th over - 0 runs, 1 hit, 0 errors, 1 left on base; Pittsfield 8 - Reading 1
BOTTOM OF THE 7TH
Reading Phillies batting - Pitching for Pittsfield Colonials : LHP James Rooney
Batting: LHB Pedro Rabassa 0-0: Ball
1-0: Ball
2-0: Called Strike
2-1: Fly out, F7 (Line Drive, 7D, EV 92.5 MPH)
Pinch Hitting: RHB Richard Hyatt 0-0: Called Strike
0-1: Ball
1-1: Fly out, F7 (Flyball, 7S, EV 93.8 MPH)
Batting: RHB Greg Dahl 0-0: Fly out, F7 (Flyball, 7D, EV 93.1 MPH)
Bottom of the 7th over - 0 runs, 0 hits, 0 errors, 0 left on base; Pittsfield 8 - Reading 1
TOP OF THE 8TH
Pittsfield Colonials batting - Pitching for Reading Phillies : LHP Frank Treto
Now at 3B: Richard Hyatt
Batting: SHB Steve Scafa 0-0: Ground out 6-3 (Groundball, 56, EV 99.4 MPH)
Batting: SHB Mitch Webster 0-0: Ball
1-0: Ball
2-0: Foul Ball, location: 2F
2-1: Fly out, F3 (Line Drive, 3, EV 73.1 MPH)
Batting: LHB Terry Francona 0-0: Ball
1-0: Ball
2-0: Called Strike
2-1: Ground out 4-3 (Groundball, 4S, EV 72.5 MPH)
Top of the 8th over - 0 runs, 0 hits, 0 errors, 0 left on base; Pittsfield 8 - Reading 1
BOTTOM OF THE 8TH
Reading Phillies batting - Pitching for Pittsfield Colonials : LHP James Rooney
Batting: RHB Mark Sproesser 0-0: Called Strike
0-1: Swinging Strike
0-2: Strikes out looking
Pinch Hitting: LHB Billy Weems 0-0: Ball
1-0: Foul Ball, location: 2F
1-1: SINGLE (Groundball, 4M, EV 104.4 MPH)
Batting: LHB George Johnson 0-0: Ball
1-0: Swinging Strike
1-1: Ball
2-1: Ground out 4-3 (Groundball, 4S, EV 89.4 MPH)
Billy Weems to second
Batting: LHB Paul Hertzler 0-0: Swinging Strike
0-1: Ball
1-1: Ball
2-1: Foul Ball, location: 2F
2-2: Ball
3-2: Strikes out swinging
Bottom of the 8th over - 0 runs, 1 hit, 0 errors, 1 left on base; Pittsfield 8 - Reading 1
TOP OF THE 9TH
Pittsfield Colonials batting - Pitching for Reading Phillies : LHP Frank Treto
Now at 2B: Billy Weems
Batting: RHB Mike Brewer 0-0: Ball
1-0: Ball
2-0: Called Strike
2-1: SINGLE (Line Drive, 34, EV 94.4 MPH)
Batting: LHB Armando Ortiz 0-0: Foul Ball, location: 2F
0-1: Fly out, F5 (Popup, 5SF, EV 86.3 MPH)
Batting: SHB David Enos 0-0: Ball
1-0: Swinging Strike
1-1: Foul Ball, location: 2F
1-2: Ball
2-2: Fly out, F9 (Flyball, 9LM, EV 86.9 MPH)
Pinch Hitting: LHB Dave Holt 0-0: Called Strike
Mike Brewer steals 2nd base
0-1: Ball
1-1: Swinging Strike
1-2: SINGLE (Groundball, 3D, EV 109.4 MPH)
Mike Brewer to third
Runner from 3rd tries for Home, SAFE, throw by RF to home
Batting: SHB Allan Wilkerson 0-0: Ball
1-0: Called Strike
1-1: Reached on error, E4 (Groundball, 34, EV 81.3 MPH)
Dave Holt to second
Batting: RHB Juan Castro 0-0: Ball
1-0: Ball
2-0: Called Strike
2-1: Foul Ball, location: 2F
2-2: SINGLE (Line Drive, 89M, EV 90.0 MPH)
Dave Holt to third
Allan Wilkerson to second
Runner from 3rd tries for Home, SAFE, throw by RF to home
Batting: SHB Steve Scafa 0-0: SINGLE (Line Drive, 6M, EV 98.1 MPH)
Allan Wilkerson to third
Juan Castro to second
Runner from 3rd tries for Home, SAFE, throw by CF to home
Batting: SHB Mitch Webster 0-0: Called Strike
0-1: Fly out, F8 (Flyball, 78D, EV 93.8 MPH)
Top of the 9th over - 3 runs, 4 hits, 1 error, 2 left on base; Pittsfield 11 - Reading 1
BOTTOM OF THE 9TH
Reading Phillies batting - Pitching for Pittsfield Colonials : LHP James Rooney
Now at C: Dave Holt
Batting: LHB Martino Martin 0-0: Called Strike
0-1: Swinging Strike
0-2: Strikes out looking
Batting: RHB Ricardo Rivera 0-0: Ball
1-0: Foul Ball, location: 2F
1-1: Called Strike
1-2: Strikes out swinging
Batting: LHB Pedro Rabassa 0-0: Foul Ball, location: 2F
0-1: Ball
1-1: Foul Ball, location: 2F
1-2: Strikes out swinging
Bottom of the 9th over - 0 runs, 0 hits, 0 errors, 0 left on base; Pittsfield 11 - Reading 1
Thursday, August 6th, 2020 - OOTP Baseball 21.5 Build 76